 Dungeon Crawl Stone Soup version 0.30-a0-989-g0d87f670db (webtiles) character file.

Game seed: 5192097480625305943

111 DeathPants the Trooper (level 4, -1/24 HPs)
             Began as a Vine Stalker Fighter on Apr 2, 2023.
             Splashed by a jelly's acid (5 damage)
             ... on level 2 of the Dungeon.
             The game lasted 00:03:37 (1382 turns).

DeathPants the Trooper (Vine Stalker Fighter)       Turns: 1382, Time: 00:03:38

Health: -1/24      AC: -1    Str: 18    XL:     4   Next: 92%
Magic:  0/5        EV:  9    Int: 10    God:
Gold:   79         SH:  5    Dex: 14    Spells: 3/3 levels left

rFire   . . .      SeeInvis .    a - +0 war axe
rCold   . . .      Faith    .    c - +0 buckler
rNeg    . . .      Spirit   +    b - +0 scale mail
rPois   .          Reflect  .    (no helmet)
rElec   .          Rampage  .    (no cloak)
rCorr   .                        (no gloves)
Will    .....                    (no boots) Stlth
                                 (no amulet)
HPRegen 1.04/turn                (no ring)
MPRegen 0.09/turn                (no ring)

@: corroded
A: fangs 2, regeneration 1, magic shield, antimagic bite, no potion heal 2
a: no special abilities


You were on level 2 of the Dungeon.
You visited 1 branch of the dungeon, and saw 3 of its levels.

You collected 79 gold pieces.

Inventory:

Hand Weapons
 a - a +0 war axe (weapon)
Armour
 b - a +0 scale mail (worn)
 c - a +0 buckler (worn)
Jewellery
 h - a ring of see invisible
Scrolls
 j - a scroll of brand weapon {unknown}
 k - a scroll of poison {unknown}
Potions
 d - 2 potions of might
 e - a potion of curing {unknown}
 i - a potion of attraction {unknown}


   Skills:
 + Level 3.2 Fighting
 * Level 3.1 Axes
 + Level 3.0 Armour
 + Level 3.2 Shields


You had 3 spell levels left.
You didn't know any spells.
Your spell library was empty.

Dungeon Overview and Level Annotations

Branches:
Dungeon (3/15)

Altars:

Annotations:
D:2 Terence


Innate Abilities, Weirdness & Mutations

You have extremely sharp teeth.
Your natural rate of healing is unusually fast.
When hurt, damage is shared between your health and your magic reserves.
Your bite disrupts and absorbs the magic of your enemies.
Potions cannot restore your health.


Message History

A nearby fungus withers and dies.
The endoplasm closely misses you.
The endoplasm hits the fungus.
The endoplasm barely misses you. The endoplasm freezes you.
You are frozen.
You block the endoplasm's attack.
You hit the jelly. The acid corrodes you!
Your hands burn!
The jelly is lightly wounded.
You hit the endoplasm. You hit the endoplasm but do no damage.
You hit the endoplasm.
A nearby fungus withers and dies.
The endoplasm hits you but does no damage.
The endoplasm hits you. x2
You barely miss the jelly. Your bite misses the jelly.
The jelly is lightly wounded.
You hit the endoplasm.
You kill the endoplasm!
You hit the endoplasm.
You kill the endoplasm!
You hit the endoplasm. The endoplasm freezes you.
You are frozen.
The jelly completely misses you.
You slash the jelly!
Your hands burn!
You bite the jelly. You drain its power.
You feel invigorated.
The jelly is severely wounded.
You hit the endoplasm but do no damage. You hit the endoplasm.
You block the endoplasm's attack. The endoplasm misses you.
The jelly hits you but does no damage. The endoplasm freezes you.
You are frozen.
The endoplasm hits the fungus.
The fungus begins to die.
You block the jelly's attack.
You hit the jelly but do no damage.
Your hands burn!
* * * LOW HITPOINT WARNING * * *
You bite the jelly. You drain its power.
You feel invigorated.
The jelly is almost dead.
You hit the jelly. The acid corrodes you!
Your hands burn!
* * * LOW HITPOINT WARNING * * *
You hit the endoplasm.
You kill the endoplasm!
The jelly hits you.
* * * LOW HITPOINT WARNING * * *
You are splashed with acid!
You die...

#..###......#.##.#
##..#.........<..#
............#.####
##.#.########.# ..# .# #.# .##
#.# .# #.# ### .# #.# ######## .#
#.# #.....@########## .# #.#
#.P.P÷JJ##......##### .# #.#
#....JJ#.#.......##.# .###.###
#÷÷.P..#.#........'.### .......#
#..÷..÷#.#....)...'.)).
####.#.####.P....#)#'#....(.'.###
.........##....÷.#.#.#.....##.# #
####.#.####...÷..#.#.#....#######
###.#...##!..÷..##^####### ##.


You could see 2 jellies and 2 endoplasms.

Vanquished Creatures
  A scorpion (D:2)
  An adder (D:2)
  7 endoplasms
  4 hobgoblins
  15 kobolds
  5 ball pythons
  3 frilled lizards (D:1)
  5 goblins
  2 rats (D:2)
43 creatures vanquished.

Vanquished Creatures (others)
  2 fungi (D:2)
  9 toadstools (D:2)
11 creatures vanquished.

Grand Total: 54 creatures vanquished

Notes
Turn   | Place    | Note
-------+----------+-------------------------------------------
     0 | D:1      | DeathPants the Vine Stalker Fighter began the quest for the
                  | Orb.
     0 | D:1      | Reached XP level 1. HP: 11/11 MP: 2/2
   339 | D:2      | Reached XP level 2. HP: 12/16 MP: 3/3
   621 | D:1      | Found a faded altar of an unknown god.
   834 | D:2      | Noticed Terence
   871 | D:2      | Noticed a scorpion
   872 | D:2      | Reached XP level 3. HP: 19/19 MP: 4/4
   896 | D:2      | Killed a scorpion
   897 | D:2      | Gained mutation: Your natural rate of healing is unusually
                  | fast. [Vine Stalker growth]
   897 | D:2      | Reached XP level 4. HP: 20/24 MP: 3/5
  1382 | D:2      | Splashed by a jelly's acid

Illustrated notes

Levels and vault maps discovered:
D:1:      matt_arrival_los_fun, layout_basic,
          shapermc_ecumenical_altar_mp_highgroup
D:2:      cheibrodos_fertilizer, layout_loops_ring, st_stairs_5,
          hangedman_decor_points, uniq_terence
D:3:      layout_basic

Skill      XL: |  1  2  3  4 |
---------------+-------------+-----
Axes           | 2 3 |  3.1
Fighting       | 3 |  3.2
Shields        | 3 |  3.2
Armour         | 3 |  3.0

Action                     |  1- 3 |  4- 6 || total
---------------------------+-------+-------++-------
  Melee: War axe           |    69 |    38 ||   107
         Bite              |    13 |     9 ||    22
    Use: Scroll            |       |     2 ||     2
 Armour: Scale mail        |    22 |    14 ||    36
  Dodge: Dodged            |    41 |    20 ||    61
  Block: Buckler           |    24 |    12 ||    36

Table legend: (Time is in decaauts)
 A = Elapsed time spent in this place.
 B = Non-inter-level travel time spent in this place.
 C = Inter-level travel time spent in this place.
 D = Time resting spent in this place.
 E = Time spent auto-exploring this place.
 F = Levels seen in this place.
 G = Mean time per level.
                   A        B        C        D        E       F      G
               +--------+--------+--------+--------+--------+-----+--------+
         Total |   1429 |   1390 |     39 |    116 |    850 |   3 |  476.3 |
       Dungeon |   1429 |   1390 |     39 |    116 |    850 |   3 |  476.3 |
               +--------+--------+--------+--------+--------+-----+--------+

Top non-repeatable levels by time:
     D:2: 725 daAuts
     D:1: 700 daAuts
     D:3: 3 daAuts
